 Dungeon Crawl Stone Soup version 0.31.0-11-ge490571c62 (webtiles) character file.

Game seed: 7455375966100565039

91198 browni3141 the Severer (level 15, -19/136 HPs)
             Began as a Minotaur Fighter on Jan 28, 2024.
             Was an Elder of Okawaru.
             Demolished by an alligator simulacrum (34 damage)
             ... summoned by an orange crystal statue
             ... in an ice cave.
             The game lasted 00:19:19 (20790 turns).

browni3141 the Severer (Minotaur Fighter)          Turns: 20790, Time: 00:19:20

Health: -19/136    AC: 22    Str: 31      XL:     15   Next: 54%
Magic:  2/22       EV: 10    Int:  5      God:    Okawaru [****..]
Gold:   898        SH: 18    Dex:  9 (10) Spells: 14/14 levels left

rFire   . . .        F - +3 war axe
rCold   . . .        Z - +2 kite shield
rNeg    . . .        w - +2 plate armour {rPois}
rPois   +            (helmet restricted)
rElec   .            (no cloak)
rCorr   .            l - +1 pair of gloves {Str+3}
SInv    +            C - +0 pair of boots
Will    +....        L - amulet of reflection Stlth
                     M - ring of poison resistance
HPRegen 0.42/turn    E - ring of see invisible
MPRegen 0.18/turn

%: reflection
@: studying Dodging
A: horns 2, retaliatory headbutt, sense surroundings 1, inability to drink after
injury 1, MP-powered wands
a: Renounce Religion, Heroism, Finesse


You were in an ice cave.
You worshipped Okawaru.
Okawaru was greatly pleased with you.
You visited 4 branches of the dungeon, and saw 20 of its levels.
You also visited: Bailey and Ice Cave.

You collected 1150 gold pieces.
You spent 252 gold pieces at shops.

Inventory:

Hand Weapons
 F - a +3 war axe (weapon)
Missiles
 k - 2 curare-tipped darts
 t - 5 throwing nets
 y - 10 boomerangs (quivered)
 R - 10 javelins
Armour
 l - a +1 pair of gloves of strength (worn)
 w - a +2 plate armour of poison resistance (worn)
 C - a +0 pair of boots (worn)
 Z - a +2 kite shield (worn)
Jewellery
 r - an amulet of the acrobat
 x - a +4 ring of protection
 E - a ring of see invisible (right hand)
 G - a ring of protection from fire
 H - a +6 ring of strength
 J - a ring of ice
 K - a +5 ring of evasion
 L - an amulet of reflection (around neck)
 M - a ring of poison resistance (left hand)
 P - a +5 ring of evasion
 Q - a +4 ring of slaying
 S - a ring of protection from fire
 U - a ring of magical power
Wands
 a - a wand of mindburst (9)
 A - a wand of paralysis (24)
 I - a wand of quicksilver (11)
 N - a wand of iceblast (19)
Scrolls
 b - a scroll of identify
 e - 4 scrolls of revelation
 j - 5 scrolls of fear
 m - 2 scrolls of noise
 n - 8 scrolls of teleportation
 s - 2 scrolls of vulnerability
 u - 2 scrolls of immolation
 D - 8 scrolls of blinking
 O - 2 scrolls of enchant armour
 V - 4 scrolls of amnesia
 X - 2 scrolls of fog
 Y - a scroll of enchant weapon
Potions
 d - 3 potions of might
 f - 5 potions of lignification
 i - 3 potions of enlightenment
 o - 2 potions of heal wounds
 q - 3 potions of magic
 v - 2 potions of ambrosia
 z - a potion of cancellation
 B - a potion of invisibility
 T - a potion of degeneration
 W - 2 potions of brilliance


   Skills:
 + Level 13.5 Fighting
 - Level 18.0 Axes
 + Level 9.3 Throwing
 + Level 13.3 Armour
 - Level 9.0 Dodging
 + Level 13.1 Shields
 * Level 11.1 Invocations


You had 14 spell levels left.
You didn't know any spells.
Your spell library contained the following spells:

 Spells                   Type           Power      Damage    Failure   Level
 Magic Dart               Conj           0%         1d3       99%         1
 Necrotise                Necr           0%         1d4       99%         1
 Shock                    Conj/Air       0%         1d3       99%         1
 Blink                    Tloc           0%         N/A       100%        2
 Lesser Beckoning         Tloc           0%         N/A       100%        2
 Momentum Strike          Conj/Tloc      0%         3d8       100%        2
 Dazzling Flash           Conj/Hex       0%         N/A       100%        3
 Frozen Ramparts          Ice            0%         1d1       100%        3
 Inner Flame              Hex/Fire       0%         N/A       100%        3
 Mephitic Cloud           Conj/Alch/Air  0%         N/A       100%        3
 Sigil of Binding         Hex            0%         N/A       100%        3
 Swiftness                Air            0%         N/A       100%        3
 Vampiric Draining        Necr           0%         2d6       100%        3
 Airstrike                Air            0%         2d(0-16)  100%        4
 Dimensional Bullseye     Hex/Tloc       0%         N/A       100%        4
 Leda's Liquefaction      Alch/Erth      0%         N/A       100%        4
 Petrify                  Alch/Erth      0%         N/A       100%        4
 Curse of Agony           Necr           0%         N/A       100%        5
 Irradiate                Conj/Alch      0%         3d11      100%        5
 Lee's Rapid Deconstruct  Erth           0%         3d4*      100%        5
 Metabolic Englaciation   Hex/Ice        0%         N/A       100%        5
 Silence                  Hex/Air        0%         N/A       100%        5
 Ignition                 Fire           0%         3d3       100%        8
 Call Imp                 Summ           Unusable   N/A       N/A         2
 Call Canine Familiar     Summ           Unusable   N/A       N/A         3
 Animate Armour           Summ/Erth      Unusable   N/A       N/A         4
 Martyr's Knell           Necr/Summ      Unusable   N/A       N/A         4
 Summon Lightning Spire   Summ/Air       Unusable   N/A       N/A         4

Dungeon Overview and Level Annotations

Branches:
Dungeon (11/15)            Temple (1/1) D:4            Lair (5/5) D:9
  Swamp (0/4) Lair:2       Spider (3/4) Lair:2        Slime (0/5) Lair:5
    Orc (0/2) D:9          Bailey (visited)           IceCv (1/1)

Altars:
Ashenzari
Cheibriados
Dithmenos
Elyvilon
Fedhas
Gozag
Hepliaklqana
Kikubaaqudgha
Makhleb
Nemelex Xobeh
Okawaru
Qazlal
Ru
Sif Muna
Trog
Uskayaw
Vehumet
Wu Jian
Xom
Yredelemnul
Zin
The Shining One
Jiyva

Shops:
D:7 !

Annotations:
D:9 exclusion: downstairs
Lair:2 2 transporters, exclusion: oklob plant, browni3141's ghost, journeyman MiFi
Lair:5 1 runed translucent door
Spider:2 Roxanne IceCv exclusion: orange crystal statue


Innate Abilities, Weirdness & Mutations

You have a pair of horns on your head.
You reflexively headbutt those who attack you in melee.
You passively map a small area around you.
You occasionally lose the ability to drink potions when taking damage.
You expend magic power (3 MP) to strengthen your wands.


Message History

You slice the orange crystal statue!!
The orange crystal statue is moderately damaged.
The orange crystal statue glitters. x2
You slice the orange crystal statue!!
The orange crystal statue is severely damaged.
You hit the alligator simulacrum. You hit the freezing wraith.
You slash the orange crystal statue! You headbutt the orange crystal statue!
The orange crystal statue is almost destroyed.
You slice the alligator simulacrum!!
You completely miss the freezing wraith.
You block the alligator simulacrum's attack.
The alligator simulacrum barely misses you.
You block the freezing wraith's attack. x2
You hit the orange crystal statue.
You destroy the orange crystal statue!
Okawaru accepts your kill.
The four-headed hydra simulacrum dissolves into shadows!
The freezing wraith dissolves into shadows!
The alligator simulacrum dissolves into shadows!
The orange crystal statue glitters topaz in the dim dungeon light.
The orange crystal statue fixes its piercing gaze on you.
You feel your power leaking away.
The white very ugly thing gurgles horribly!
The alligator simulacrum tail-slaps you but does no damage.
You block the alligator simulacrum's attack.
You block the alligator simulacrum's attack. x2
The orange crystal statue glitters.
You are confused.
The alligator simulacrum closely misses you.
The alligator simulacrum bites you!
The alligator simulacrum drags you backwards!
The orange crystal statue fixes its piercing gaze on you.
You feel your power leaking away.
The alligator simulacrum attacks as it pursues you!
The alligator simulacrum tail-slaps you but does no damage.
The alligator simulacrum bites you but does no damage.
The alligator simulacrum attacks as it pursues you!
The alligator simulacrum tail-slaps you but does no damage.
The alligator simulacrum bites you but does no damage.
The alligator simulacrum attacks as it pursues you!
The alligator simulacrum tail-slaps you but does no damage.
The alligator simulacrum barely misses you.
The orange crystal statue glitters.
You are more confused.
The alligator simulacrum closely misses you.
The alligator simulacrum bites you.
The alligator simulacrum drags you backwards!
The orange crystal statue glitters.
You resist with some effort.
The alligator simulacrum tail-slaps you!
The alligator simulacrum freezes you!! The alligator simulacrum bites you.
The alligator simulacrum drags you backwards!
You feel better.
The orange crystal statue glitters.
You are confused.
The alligator simulacrum tail-slaps you but does no damage.
The alligator simulacrum completely misses you.
You bump into the stone wall.
The orange crystal statue fixes its piercing gaze on you.
You feel your power leaking away.
The alligator simulacrum tail-slaps you.
The alligator simulacrum freezes you!! The alligator simulacrum bites you!
The alligator simulacrum drags you backwards!
The alligator simulacrum tail-slaps you but does no damage.
The alligator simulacrum bites you.
The alligator simulacrum drags you backwards!
You're too confused to move!
The alligator simulacrum tail-slaps you but does no damage.
The alligator simulacrum bites you but does no damage.
You're too confused to move!
The alligator simulacrum tail-slaps you but does no damage.
The alligator simulacrum bites you but does no damage.
You feel less confused.
The alligator simulacrum tail-slaps you but does no damage.
You block the alligator simulacrum's attack.
The alligator simulacrum tail-slaps you.
The alligator simulacrum freezes you!!
You block the alligator simulacrum's attack.
You see here a very ugly thing corpse.
You hit the alligator simulacrum.
The alligator simulacrum is lightly damaged.
You hit the alligator simulacrum.
Your headbutt misses the alligator simulacrum.
The alligator simulacrum is lightly damaged.
The alligator simulacrum tail-slaps you but does no damage.
You block the alligator simulacrum's attack.
You barely miss the alligator simulacrum.
The alligator simulacrum is lightly damaged.
The alligator simulacrum closely misses you.
You block the alligator simulacrum's attack.
You completely miss the alligator simulacrum.
The alligator simulacrum is lightly damaged.
You block the alligator simulacrum's attack. x2
You slash the alligator simulacrum!
The alligator simulacrum is heavily damaged.
You completely miss the alligator simulacrum.
The alligator simulacrum is heavily damaged.
The alligator simulacrum tail-slaps you.
The alligator simulacrum freezes you!!
You die...

##...##
##.##
##...##
##.....##
#.......#
#.......#
#......%#
#......)#
#.)..@[.#
####Z####
#.......#
#.......#
#.......#
#.......#
#.......#
##.....##
##...##


You could see an alligator simulacrum (summoned).

Vanquished Creatures
  Jorgrun (Spider:2)
  Asterion (Spider:2)
  Donald (Spider:2)
  An emperor scorpion (Spider:2)
  A ghost moth (Spider:2)
  A broodmother (Spider:2)
  A very ugly thing (IceCv)
  Nessos (Lair:4)
  Snorg (Lair:4)
  5 entropy weavers
  Fannar (Lair:1)
  2 hydras (Lair:5)
  A caustic shrike simulacrum (IceCv)
  Harold (D:9)
  A jorogumo (Spider:1)
  2 radroaches (Spider:2)
  A boulder beetle (D:8)
  11 death yaks
  Urug (D:10)
  3 two-headed ogres
  5 demonic crawlers
  An orb spider (Spider:3)
  3 pharaoh ants
  A sun moth (Spider:2)
  An orange crystal statue (IceCv)
  13 wolf spiders
  2 lindwurms
  A deep elf pyromancer (Bailey)
  A cyclops (D:9)
  6 elephants (Lair:1)
  2 moths of wrath
  10 black mambas
  A guardian serpent (Lair:5)
  4 torpor snails
  2 rime drakes
  14 cane toads
  11 komodo dragons
  3 freezing wraiths (IceCv)
  2 anaconda simulacra (IceCv)
  2 golden dragon simulacra (IceCv)
  3 polar bears (Lair:5)
  3 hornets
  17 blink frogs
  7 dream sheep (Lair:4)
  15 tarantellas
  12 jumping spiders
  A wraith (D:10)
  A dire elephant simulacrum (IceCv)
  3 shadows
  11 culicivoras
  A vampire (D:10)
  15 wyverns
  34 yaks
  7 basilisks
  47 redbacks
  4 harpy simulacra (IceCv)
  An acid dragon (D:9)
  27 water moccasins
  2 hydra simulacra (IceCv)
  A sky beast (D:6)
  10 orc warriors
  4 wolves (Lair:1)
  5 centaurs
  A phantom (D:6)
  3 kobold brigands
  Blork the orc (D:6)
  12 bullfrogs
  A gnoll sergeant (D:8)
  2 scorpions
  14 wights
  A lindwurm simulacrum (IceCv)
  14 killer bees
  4 electric eels
  2 howler monkeys
  A bombardier beetle (D:4)
  2 lava snakes (D:8)
  3 jellies
  A hound (D:4)
  3 gnoll boudas
  7 orc priests
  5 iguanas
  7 sleepcaps
  Natasha (twice) (D:3)
  8 orc wizards
  14 gnolls
  8 adders
  A shadow imp (D:7)
  A white imp (D:7)
  2 ufetubi (D:7)
  2 dart slugs
  5 ribbon worms
  50 orcs
  13 ball pythons
  2 bats (D:2)
  11 endoplasms
  2 giant cockroaches (D:2)
  7 goblins
  6 hobgoblins
  7 jackals
  3 quokkas
  5 frilled lizards (D:1)
  22 kobolds
  6 rats
615 creatures vanquished.

Vanquished Creatures (collateral kills)
  An orc knight (Bailey)
  An orc (Bailey)
2 creatures vanquished.

Grand Total: 617 creatures vanquished

Notes
Turn   | Place    | Note
-------+----------+-------------------------------------------
     0 | D:1      | browni3141 the Minotaur Fighter began the quest for the
                  | Orb.
     0 | D:1      | Reached XP level 1. HP: 19/19 MP: 0/0
   348 | D:1      | Reached XP level 2. HP: 19/27 MP: 1/1
   373 | D:1      | Reached skill level 3 in Axes
  1069 | D:2      | Reached XP level 3. HP: 33/33 MP: 2/2
  1358 | D:2      | Found a faded altar of an unknown god.
  1469 | D:2      | Reached XP level 4. HP: 40/40 MP: 3/3
  1723 | D:3      | Reached skill level 4 in Axes
  1723 | D:3      | Reached skill level 1 in Dodging
  1740 | D:3      | Found a hide-covered altar of Uskayaw.
  1749 | D:3      | Noticed Natasha
  1757 | D:3      | Killed Natasha
  1813 | D:3      | Identified the +1 trident of Xoteement {pain, rPois}
  1848 | D:3      | Reached XP level 5. HP: 44/47 MP: 4/4
  2300 | D:3      | Noticed Natasha
  2305 | D:3      | Killed Natasha
  2527 | D:4      | Found a stormy altar of Qazlal.
  2578 | D:4      | Found a staircase to the Ecumenical Temple.
  2611 | Temple   | Entered the Ecumenical Temple
  3013 | D:4      | Reached XP level 6. HP: 53/53 MP: 5/5
  3181 | D:4      | Reached skill level 5 in Axes
  3227 | D:5      | Entered Level 5 of the Dungeon
  3317 | D:5      | Reached skill level 5 in Armour
  3428 | D:5      | Reached skill level 5 in Fighting
  3900 | D:5      | Reached skill level 5 in Shields
  3904 | D:5      | Reached skill level 5 in Dodging
  3904 | D:5      | Reached XP level 7. HP: 47/61 MP: 6/6
  4186 | D:6      | Reached skill level 6 in Axes
  4200 | D:6      | Noticed Blork the orc
  4207 | D:6      | Killed Blork the orc
  4302 | D:6      | Reached XP level 8. HP: 52/70 MP: 7/7
  4483 | D:6      | Found an ornate altar of the Wu Jian Council.
  4533 | D:6      | Reached skill level 7 in Axes
  4837 | D:7      | Found Onum Ter's Distillery.
  4843 | D:7      | Bought a potion of enlightenment for 60 gold pieces
  4843 | D:7      | Bought a potion of heal wounds for 60 gold pieces
  4843 | D:7      | Bought a potion of mutation for 96 gold pieces
  4843 | D:7      | Bought a potion of curing for 36 gold pieces
  4843 | D:7      | Gained mutation: You passively map a small area around you.
                  | [potion of mutation]
  4843 | D:7      | Gained mutation: Your muscles are strong. (Str +4, Int/Dex
                  | -1) [potion of mutation]
  4843 | D:7      | Gained mutation: You expend magic power (3 MP) to
                  | strengthen your wands. [potion of mutation]
  5053 | D:7      | Found a flagged portal.
  5064 | Bailey   | Entered a bailey
  5278 | Bailey   | Found a large runed translucent door.
  5278 | Bailey   | Found a large runed translucent door.
  5278 | Bailey   | Noticed an orc knight
  5283 | Bailey   | Noticed a deep elf pyromancer
  5305 | Bailey   | Killed an orc knight
  5306 | Bailey   | Reached skill level 8 in Axes
  5306 | Bailey   | Reached XP level 9. HP: 51/78 MP: 8/8
  5526 | Bailey   | Killed a deep elf pyromancer
  5527 | Bailey   | Reached skill level 9 in Axes
  5930 | D:7      | Found an opulent altar of Gozag.
  5930 | D:7      | Found a broken altar of Ashenzari.
  5939 | D:7      | Found a radiant altar of Vehumet.
  6138 | D:8      | Reached skill level 10 in Axes
  6329 | D:9      | Found a staircase to the Orcish Mines.
  6340 | D:9      | Reached XP level 10. HP: 82/88 MP: 9/9
  6986 | D:9      | Reached skill level 1 in Throwing
  7011 | D:9      | Reached skill level 11 in Axes
  7028 | D:8      | Noticed a two-headed ogre
  7037 | D:8      | Killed a two-headed ogre
  7354 | D:9      | Found a staircase to the Lair.
  7360 | D:9      | Noticed Harold
  7475 | D:9      | Killed Harold
  7633 | D:9      | Reached skill level 12 in Axes
  7656 | D:9      | Reached XP level 11. HP: 96/97 MP: 10/10
  7850 | D:9      | Noticed a two-headed ogre
  7860 | D:9      | Killed a two-headed ogre
  8470 | D:8      | Found an iron altar of Okawaru.
  8483 | D:8      | Became a worshipper of Warmaster Okawaru
  8645 | D:8      | Found a runed translucent door.
  8675 | D:8      | Found a runed translucent gate.
  8681 | D:8      | Found a runed translucent gate.
  8681 | D:8      | Identified the +1 hat of Indecent Exposure {*Corrode Int+3}
  8685 | D:8      | Found a runed translucent gate.
  8685 | D:8      | Found a runed translucent gate.
  8685 | D:8      | Found a runed translucent gate.
  8685 | D:8      | Noticed a boulder beetle
  8685 | D:8      | Noticed a lindwurm
  8686 | D:8      | Found a runed translucent gate.
  8724 | D:8      | Killed a boulder beetle
  8759 | D:8      | Killed a lindwurm
  8759 | D:8      | Reached * piety under Okawaru
  8829 | D:10     | Entered Level 10 of the Dungeon
  8858 | D:10     | Reached skill level 13 in Axes
  8967 | D:10     | Noticed Urug
  8980 | D:10     | Killed Urug
  9037 | D:10     | Noticed a two-headed ogre
  9045 | D:10     | Killed a two-headed ogre
  9046 | D:10     | Reached skill level 10 in Fighting
  9046 | D:10     | Reached skill level 10 in Armour
  9046 | D:10     | Reached skill level 1 in Invocations
  9622 | D:11     | Reached skill level 5 in Throwing
  9699 | Lair:1   | Entered Level 1 of the Lair of Beasts
  9716 | Lair:1   | Reached ** piety under Okawaru
  9725 | Lair:1   | Reached skill level 10 in Shields
  9794 | Lair:1   | Reached XP level 12. HP: 106/106 MP: 13/13
  9835 | Lair:1   | Noticed Fannar
  9848 | Lair:1   | Killed Fannar
  9898 | Lair:1   | Reached *** piety under Okawaru
 10230 | Lair:1   | Reached skill level 14 in Axes
 10240 | Lair:1   | Noticed a death yak
 10250 | Lair:1   | Killed a death yak
 10410 | Lair:1   | Reached **** piety under Okawaru
 10647 | Lair:2   | Found a hole to the Spider Nest.
 10722 | Lair:2   | Found a staircase to the Swamp.
 10879 | Lair:2   | Reached skill level 5 in Invocations
 11049 | Lair:2   | Found a transporter.
 11052 | Lair:2   | Found a transporter.
 11064 | Lair:2   | Noticed browni3141's ghost (journeyman MiFi)
 11212 | Lair:3   | Reached ***** piety under Okawaru
 11635 | Lair:3   | Received a gift from Okawaru
 11800 | Lair:3   | Noticed a death yak
 11808 | Lair:3   | Killed a death yak
 11809 | Lair:3   | Reached skill level 15 in Axes
 11809 | Lair:3   | Reached XP level 13. HP: 110/116 MP: 13/16
 12169 | Lair:4   | Noticed Nessos
 12179 | Lair:4   | Killed Nessos
 12221 | Lair:4   | Noticed Snorg
 12236 | Lair:4   | Killed Snorg
 12882 | Lair:5   | Entered Level 5 of the Lair of Beasts
 13204 | Lair:5   | Reached skill level 16 in Axes
 13497 | Lair:5   | Reached XP level 14. HP: 116/126 MP: 16/19
 13619 | Lair:5   | Found a runed translucent door.
 13619 | Lair:5   | Identified the +1 flail of the Nine Violins {freeze, Str+3
                  | Dex-2 Stlth+}
 13620 | Lair:5   | Found a viscous altar of Jiyva.
 13620 | Lair:5   | Noticed an acid blob
 13620 | Lair:5   | Noticed an acid blob
 13622 | Lair:5   | Found a staircase to the Slime Pits.
 13669 | Lair:5   | Received a gift from Okawaru
 15036 | Spider:1 | Entered Level 1 of the Spider Nest
 15045 | Spider:1 | Received a gift from Okawaru
 16028 | Spider:1 | Reached skill level 17 in Axes
 16594 | Spider:1 | Received a gift from Okawaru
 16966 | Spider:2 | Noticed a broodmother
 17169 | Spider:2 | Killed a broodmother
 17330 | Spider:2 | Reached skill level 10 in Invocations
 17333 | Spider:2 | Noticed Donald
 17596 | Spider:2 | Killed Donald
 17956 | Spider:2 | Reached XP level 15. HP: 133/135 MP: 21/21
 17982 | Spider:2 | Noticed Roxanne
 18051 | Spider:2 | HP: 5/135 [radroach (37)]
 18053 | Spider:2 | Received a gift from Okawaru
 18060 | Spider:2 | Gained mutation: You occasionally lose the ability to drink
                  | potions when taking damage. [mutagenic glow]
 18099 | Spider:1 | Lost mutation: Your muscles are strong. (Str +4, Int/Dex
                  | -1) [mutagenic glow]
 18538 | Spider:2 | HP: 5/135 [entropy weaver (9)]
 18916 | Spider:2 | Noticed an emperor scorpion
 18940 | Spider:2 | Killed an emperor scorpion
 19187 | Spider:2 | Noticed Jorgrun
 19203 | Spider:2 | Killed Jorgrun
 19495 | Spider:2 | Noticed Asterion
 19509 | Spider:2 | Killed Asterion
 20344 | Spider:3 | Found a glacial archway.
 20353 | IceCv    | Entered an ice cave
 20363 | IceCv    | Reached skill level 18 in Axes
 20790 | IceCv    | Demolished by an alligator simulacrum

Illustrated notes

Levels and vault maps discovered:
D:1:      dpeg_cavernosity, layout_basic, chequers_serial_rivers_large_a,
          chequers_serial_rivers_micro_c, dreamdust_mushroom_princess,
          minmay_pentomino_w4
D:2:      layout_basic, hellmonk_ecumenical_altar_lost_god
D:3:      layout_loops_corners, nicolae_uskayaw_suspiria, minmay_cut_off,
          uniq_natasha
D:4:      layout_gridville, mainiacjoe_overflow_tiny_flanked,
          minmay_temple_entry_butterflies
D:5:      layout_basic
D:6:      layout_cave_pools, old_standard_altar, uniq_blork_the_orc
D:7:      layout_basic, mainiacjoe_overflow_brackets,
          grunt_temple_overflow_open, enter_bailey_3, serial_shops,
          nicolae_shop_industrial_runoff, grunt_decor_arrowhead
D:8:      gammafunk_indiana_jones, layout_loops_cross, okawaru_gym_becter
D:9:      layout_cave_pods, minmay_lair_entry_grove, erik_orc_2,
          corner_web_ring, grunt_ministairs_5, uniq_harold
D:10:     layout_basic, uniq_urug
D:11:     layout_irregular_city, serial_rivers, chequers_serial_rivers_micro_e,
          chequers_serial_rivers_marsh, chequers_serial_rivers_marsh,
          chequers_serial_rivers_small_b, chequers_serial_rivers_room_a,
          uniq_nergalle
Temple:   bh_familiar_temple
Lair:1:   layout_misc_corridors, uniq_fannar
Lair:2:   layout_layer_cave, swamp_mist, dummy_spider_entry, nzn_ghost_randoct
Lair:3:   layout_long_grid
Lair:4:   layout_long_grid, uniq_nessos, uniq_snorg
Lair:5:   hangedman_lair_tendril_chambers, layout_small_grid, slime_entry_2,
          serial_bayou_shore_a, infiniplex_staircase_pool_2
Spider:1: layout_spider_delve
Spider:2: layout_cave_pods, nicolae_spider_circle_web, uniq_asterion,
          uniq_jorgrun, uniq_donald, uniq_roxanne
Spider:3: layout_chambers, portal_ice_cave_entry_pillars_1
IceCv:    ice_cave_statue_garden_chambered

Skill      XL: |  1  2  3  4  5  6  7  8  9 10 11 12 13 14 15 |
---------------+----------------------------------------------+-----
Axes           | 3 4 5 6 8 10 12 13 15 16 17 18 | 18.0
Fighting       | 4 5 6 7 9 10 11 12 13 | 13.5
Shields        | 4 5 6 7 9 10 11 12 13 | 13.1
Armour         | 4 5 6 8 9 10 11 12 13 | 13.3
Dodging        | 2 3 5 6 9 |  9.0
Throwing       | 3 5 6 7 8 9 |  9.3
Invocations    | 2 6 8 10 11 | 11.1

Action                     |  1- 3 |  4- 6 |  7- 9 | 10-12 | 13-15 || total
---------------------------+-------+-------+-------+-------+-------++-------
  Melee: War axe           |   102 |   119 |   220 |   553 |   914 ||  1908
         Headbutt          |    11 |    16 |    42 |   123 |   222 ||   414
  Throw: Dart              |       |       |     4 |     2 |       ||     6
         Boomerang         |       |       |       |     1 |    62 ||    63
         Javelin           |       |       |       |       |    11 ||    11
 Invoke: Heroism           |       |       |       |     4 |    27 ||    31
         Finesse           |       |       |       |       |     5 ||     5
  Evoke: Wand              |       |       |     2 |       |     3 ||     5
    Use: Scroll            |       |       |     9 |     3 |     8 ||    20
         Potion            |       |       |     2 |       |    17 ||    19
   Stab: Paralysed         |       |       |     3 |       |       ||     3
 Armour: Plate armour      |    91 |   101 |   198 |   258 |   661 ||  1309
  Dodge: Dodged            |    31 |    46 |   118 |   278 |   450 ||   923
  Block: Kite shield       |    49 |    41 |   137 |   252 |   899 ||  1378
         Reflection        |       |       |       |       |     3 ||     3
